 Dungeon Crawl Stone Soup version 0.30-a0-377-g5cb311bc9f (webtiles) character file.

Game seed: 17047556857464404905

5374 cowcol the Basher (level 10, 0/86 HPs)
             Began as a Green Draconian Berserker on Nov 29, 2022.
             Was a High Priest of Trog.
             Slain by a vampire
             ... wielding a +0 vampiric halberd
              (9 damage)
             ... in a bailey.
             The game lasted 00:26:45 (7496 turns).

cowcol the Basher (Green Draconian Berserker)       Turns: 7496, Time: 00:26:46

Health: 0/86       AC: 11    Str: 21    XL:     10   Next: 39%
Magic:  10/10      EV: 14    Int:  7    God:    Trog [*****.]
Gold:   361        SH:  0    Dex: 14    Spells: 9/9 levels left

rFire   . . .      SeeInvis .    K - +2 dire flail (vorpal)
rCold   . . .      Faith    .    (shield currently unavailable)
rNeg    . . .      Spirit   .    (body armour unavailable)
rPois   +          Reflect  .    (helmet restricted)
rElec   .          Harm     .    (no cloak)
rCorr   .          Rampage  .    (no gloves)
Will    .....                    (no boots)
Stlth   ++........               (no amulet)
HPRegen 0.34/turn                n - ring "Urumism" {rPois Slay+3}
MPRegen 0.12/turn                g - +4 ring of protection

@: short of breath
A: breathe noxious fumes, AC +7, unfitting armour, poison resistance,
cold-blooded
a: Breathe Noxious Fumes, Renounce Religion, Berserk, Trog's Hand, Brothers in
Arms


You were in a bailey.
You worshipped Trog.
Trog was extremely pleased with you.
You visited 1 branch of the dungeon, and saw 8 of its levels.
You also visited: Bailey.

You collected 361 gold pieces.

Inventory:

Hand Weapons
 a - a +0 hand axe
 b - a +0 whip
 c - a +0 flail
 d - a +0 club
 i - a +0 short sword
 l - a +0 spear
 r - a +0 vorpal morningstar
 w - a +0 quarterstaff
 K - a +2 vorpal dire flail (weapon)
Missiles
 h - 4 poisoned darts (quivered)
 y - 2 boomerangs
Jewellery
 g - a +4 ring of protection (right hand)
 m - a ring of magical power
 n - the ring "Urumism" (left hand) {rPois Slay+3}
   (You found it on level 4 of the Dungeon)

   [ring of poison resistance]

   Slay:      It affects your accuracy & damage with ranged weapons and melee
   (+3).
   rPois:     It protects you from poison.
 s - a ring of protection from fire
 G - a ring of positive energy
 H - a ring of resist corrosion
Scrolls
 e - 2 scrolls of silence
 j - 6 scrolls of blinking
 u - 4 scrolls of butterflies
 v - 2 scrolls of fear
 x - 2 scrolls of magic mapping
 z - 3 scrolls of teleportation
 C - a scroll of poison
 D - 3 scrolls of enchant armour
 E - a scroll of vulnerability {unknown}
 F - a scroll of brand weapon
 I - a scroll of summoning {unknown}
Potions
 f - 7 potions of curing
 k - 2 potions of heal wounds
 o - a potion of attraction {unknown}
 p - 3 potions of magic {unknown}
 q - a potion of brilliance {unknown}
 t - 3 potions of mutation {unknown}
 A - 2 potions of degeneration {unknown}
 B - 4 potions of might {unknown}
 J - 2 potions of berserk rage {unknown}
 L - a potion of cancellation {unknown}
Miscellaneous
 M - a phial of floods


   Skills:
 + Level 7.3 Fighting
 + Level 3.5(8.5) Axes
 * Level 12.0(12.2) Maces & Flails
 + Level 1.7 Throwing
 + Level 6.1 Dodging
 + Level 3.5 Stealth


You had 9 spell levels left.
You didn't know any spells.
Your spell library was empty.

Dungeon Overview and Level Annotations

Branches:
Dungeon (8/15)             Temple (0/1) D:7          Bailey (1/1)
   Lair: D:8-11

Altars:
Fedhas
Kikubaaqudgha
Ru

Shops:
D:4 (


Innate Abilities, Weirdness & Mutations

You can breathe blasts of noxious fumes.
Your lurid green scales are hard. (AC +7)
You cannot fit into any form of body armour.
Your system is resistant to poisons. (rPois)
You are cold-blooded and may be slowed by cold attacks.


Message History

The vampire points at you and mumbles some strange words.
You resist with some effort.
There is a large open door here.
You see here a +0 mace.
You see here a +0 spear.
Throw: 5 darts (poison)
Press: ? - help, Q - select action, (/) - cycle Shift-Dir - straight line, f - vampire
Aim: a vampire, wielding a +0 vampiric halberd and wearing a +0 chain mail (72% to hit)
You throw a poisoned dart. The poisoned dart hits the vampire.
You recover from your berserk rage.
Aiming: Breathe Noxious Fumes (3% risk of failure)
Press: ? - help, Shift-Dir - straight line, f/p - vampire
Aim: a vampire, wielding a +0 vampiric halberd and wearing a +0 chain mail (70% to hit)
You exhale a blast of noxious fumes.
The blast of choking fumes engulfs the vampire.
The vampire completely resists.
The vampire casts a spell.
The vampire flickers and vanishes!
Deactivating autopickup; reactivate with Ctrl-A.
Something barely misses you. Something bites you but does no damage.
Something hits you! Something bites you!
Something draws strength from your injuries!
Something hits you. Something bites you but does no damage. Something hits you!
You see here a +0 mace.
You see here a poisoned dart.
Something hits you. Something bites you but does no damage.
You see here a poisoned dart.
You closely miss something. You tail-slap something. Something hits you!
Something bites you but does no damage.
You hit something but do no damage. Something hits you. Something bites you.
Something draws strength from your injuries!
You hit something but do no damage. You barely miss something.
Something hits you!
* * * LOW HITPOINT WARNING * * *
Something bites you!
* * * LOW HITPOINT WARNING * * *
Something draws strength from your injuries!
You hit something but do no damage. Something hits you!
You die...

#8. .# #.. ..# ####
#######..# #..# #..#
....8#...##...# #).#
....##......#
#.)#######...##....#
#..#8....##...##''###
####'#......#.........#
#....#...))....)@.....#
#....#...#)...#########
#....+..)##..##.....
#....+....####......
#....####...#.......
#....#..#...).......
#'##'#).#)......♣♣..
...#.)))#........♣..#
8..#..).#...♣.♣.♣...


There were no monsters in sight!

Vanquished Creatures
  A two-headed ogre (D:6)
  A gargoyle (Bailey)
  A shadow (D:7)
  An orc warrior (D:7)
  A water moccasin (D:7)
  A black bear (D:4)
  2 ice beasts (D:6)
  2 ogres (D:5)
  A centaur (D:7)
  4 phantoms (D:4)
  3 bullfrogs
  5 scorpions
  2 necrophages
  3 water moccasin skeletons (D:4)
  11 killer bees
  9 vampire bats (Bailey)
  A howler monkey (D:6)
  8 wolf zombies (Bailey)
  A jelly (D:5)
  5 hounds
  3 orc priests
  2 bullfrog skeletons (D:4)
  Terence (D:2)
  3 scorpion zombies (D:4)
  2 iguanas (D:5)
  9 orc wizards
  3 hound zombies (D:4)
  A hound skeleton (D:4)
  3 gnolls (D:5)
  12 adders
  5 adder zombies (D:4)
  4 adder skeletons (D:4)
  3 worms
  3 dart slugs
  29 orcs
  6 bats
  3 endoplasms
  7 giant cockroaches
  9 goblins
  6 hobgoblins
  6 jackals
  5 kobolds
  7 quokkas
  9 ball pythons
  3 frilled lizards (D:3)
  A jackal skeleton (D:4)
  20 orc zombies (Bailey)
  A quokka skeleton (D:4)
  A quokka zombie (D:4)
  5 rats
235 creatures vanquished.

Vanquished Creatures (collateral kills)
  The ghost of popes the Poker, a novice MfFi of Uskayaw (D:5)
1 creature vanquished.

Vanquished Creatures (others)
  3 plants (D:8)
  3 withered plants (D:4)
6 creatures vanquished.

Grand Total: 242 creatures vanquished

Notes
Turn   | Place    | Note
-------+----------+-------------------------------------------
     0 | D:1      | cowcol the Draconian Berserker began the quest for the Orb.
     0 | D:1      | Reached XP level 1. HP: 19/19 MP: 1/1
   175 | D:1      | Reached XP level 2. HP: 26/26 MP: 2/2
   463 | D:1      | Reached ** piety under Trog
   477 | D:1      | Reached XP level 3. HP: 30/31 MP: 3/3
   485 | D:1      | Reached skill level 1 in Maces & Flails
   713 | D:1      | Found a faded altar of an unknown god.
  1278 | D:2      | Noticed Terence
  1293 | D:2      | Killed Terence
  1294 | D:2      | Reached skill level 2 in Maces & Flails
  1294 | D:2      | Reached XP level 4. HP: 40/40 MP: 4/4
  1371 | D:2      | Identified the +0 scale mail of Midnight {Harm Rampage
                  | Str-3}
  1863 | D:3      | Reached skill level 3 in Maces & Flails
  1920 | D:3      | Reached XP level 5. HP: 34/46 MP: 5/5
  1999 | D:3      | Reached skill level 1 in Stealth
  2597 | D:3      | Found an ancient bone altar of Kikubaaqudgha.
  2599 | D:3      | Found a sacrificial altar of Ru.
  2806 | D:3      | Identified the +7 dagger of the Summoning Gods {chaos,
                  | rPois Will- Dex+4}
  2949 | D:4      | Noticed a black bear
  2955 | D:4      | Killed a black bear
  2956 | D:4      | Reached skill level 4 in Maces & Flails
  2956 | D:4      | Reached XP level 6. HP: 52/52 MP: 6/6
  2997 | D:4      | Found Cetuz's Antique Weapon Shoppe.
  3054 | D:4      | Reached *** piety under Trog
  3171 | D:4      | Reached skill level 1 in Throwing
  3179 | D:4      | Reached skill level 5 in Maces & Flails
  3191 | D:4      | Your scales start taking on a lurid green colour.
  3191 | D:4      | Reached XP level 7. HP: 55/59 MP: 7/7
  3191 | D:4      | Gained mutation: Your system is resistant to poisons.
                  | (rPois) [Green Draconian growth]
  3235 | D:4      | Reached skill level 6 in Maces & Flails
  3243 | D:4      | Identified the ring "Urumism" {rPois Slay+3}
  3412 | D:4      | Reached skill level 7 in Maces & Flails
  3420 | D:4      | Reached XP level 8. HP: 59/67 MP: 8/8
  3736 | D:5      | Entered Level 5 of the Dungeon
  4006 | D:5      | Reached **** piety under Trog
  4172 | D:5      | Reached skill level 5 in Fighting
  4172 | D:5      | Reached skill level 8 in Maces & Flails
  4417 | D:5      | Found a runed translucent door.
  4417 | D:5      | Noticed popes's ghost (novice MfFi)
  4494 | D:5      | Found a blossoming altar of Fedhas.
  4782 | D:5      | Killed popes's ghost
  4783 | D:5      | Reached skill level 9 in Maces & Flails
  4908 | D:6      | Reached XP level 9. HP: 74/74 MP: 9/9
  5241 | D:6      | Noticed a two-headed ogre
  5274 | D:6      | Killed a two-headed ogre
  5275 | D:6      | Reached skill level 10 in Maces & Flails
  5275 | D:6      | Reached skill level 5 in Dodging
  5683 | D:6      | Identified the +0 ring mail of Diokhoppuwk {*Slow Int+3
                  | Stlth+}
  6115 | D:7      | Reached skill level 11 in Maces & Flails
  6183 | D:7      | Reached XP level 10. HP: 78/84 MP: 10/10
  6588 | D:7      | Found a staircase to the Ecumenical Temple.
  6936 | D:8      | Found a flagged portal.
  6967 | D:8      | Reached ***** piety under Trog
  6981 | Bailey   | Entered a bailey
  7280 | Bailey   | Received a gift from Trog
  7425 | Bailey   | Noticed a gargoyle
  7443 | Bailey   | Killed a gargoyle
  7444 | Bailey   | Reached skill level 12 in Maces & Flails
  7496 | Bailey   | Slain by a vampire

Illustrated notes

Levels and vault maps discovered:
D:1:      pf_arrival_petrified_forest, layout_basic, basic_ecumenical_altar
D:2:      layout_basic, uniq_terence
D:3:      layout_loops_cross, mainiacjoe_overflow_big_doors
D:4:      nicolae_cairo_tiling_very_big, layout_basic, serial_shops,
          nicolae_shop_crystal, serial_undead, serial_undead_d, serial_undead_c,
          serial_undead_a, serial_undead_e, serial_undead_e, serial_undead_f,
          serial_undead_e, serial_undead_d, serial_undead_f, serial_undead_d
D:5:      layout_basic, fedhas_altar_3, hellmonk_ghost_happy_afterlife
D:6:      layout_cave_pools
D:7:      layout_basic, temple_hall, serial_glass, glass_columns_b,
          glass_columns_a, chequers_serial_rivers_micro_a, chequers_jeans
D:8:      layout_cave_pools, enter_bailey_4, serial_bayou_crossing
Bailey:   bailey_polearm_vampire_castle_hellmonk, bailey

Skill      XL: |  1  2  3  4  5  6  7  8  9 10 |
---------------+-------------------------------+-----
Dodging        | 3 4 5 6 |  6.1
Maces & Flails | 2 3 4 5 7 9 11 12 | 12.0
Stealth        | 1 2 3 |  3.5
Fighting       | 4 5 6 7 |  7.3
Throwing       | 1 |  1.7
Axes           | |  3.5

Action                   |  1- 3 |  4- 6 |  7- 9 | 10-12 || total
-------------------------+-------+-------+-------+-------++-------
Melee: Hand axe          |    26 |       |       |       ||    26
       Tailslap          |     9 |    10 |    45 |    21 ||    85
       Flail             |    85 |       |       |       ||    85
       Punch             |     1 |       |     4 |     3 ||     8
       Morningstar       |       |   131 |   279 |   131 ||   541
       Dire flail        |       |       |       |    40 ||    40
Throw: Dart              |     5 |    16 |    12 |     7 ||    40
Invok: Berserk           |     1 |     1 |     5 |     3 ||    10
       Brothers in Arms  |       |       |     1 |       ||     1
 Abil: Breathe Noxious F |       |       |     1 |     5 ||     6
  Use: Scroll            |     2 |     8 |     2 |     3 ||    15
 Stab: Sleeping          |     2 |     3 |     1 |     1 ||     7
       Distracted        |       |       |     1 |       ||     1
Armor: Skin              |    39 |    59 |   137 |   146 ||   381
Dodge: Dodged            |    85 |    62 |   245 |   252 ||   644

Table legend: (Time is in decaauts)
 A = Elapsed time spent in this place.
 B = Non-inter-level travel time spent in this place.
 C = Inter-level travel time spent in this place.
 D = Time resting spent in this place.
 E = Time spent auto-exploring this place.
 F = Levels seen in this place.
 G = Mean time per level.
                   A        B        C        D        E       F      G
               +--------+--------+--------+--------+--------+-----+--------+
         Total |   7652 |   7510 |    142 |   1857 |   3296 |   9 |  850.2 |
       Dungeon |   7131 |   6989 |    142 |   1719 |   3296 |   8 |  891.4 |
        Bailey |    521 |    521 |      0 |    137 |      0 |   1 |  521.0 |
               +--------+--------+--------+--------+--------+-----+--------+

Top non-repeatable levels by time:
     D:5: 1391 daAuts
     D:4: 1086 daAuts
     D:3: 1082 daAuts
     D:2: 1046 daAuts
     D:7: 905 daAuts
     D:1: 862 daAuts
     D:6: 630 daAuts
  Bailey: 521 daAuts
     D:8: 126 daAuts
